Map: Prion Terraces

Players

lesha

  • Race: Terran Terran
  • League: Silver

Mutio - Winner!

  • Race: Protoss Protoss

VOD

Have the link to the VOD?

Description

Time

  • Played on: Dec. 28, 2015, 10:32 a.m.
  • Length: 12:22
Show
View Real Time Build Order
Export as new Build Order

lesha Terran 

Build Orders: Reaper Expand, MMM Bio 

Get SALT Encoding   

  12  0:01  SCV  
  13  0:13  SCV  
  14  0:18  Supply Depot  
  14  0:25  SCV  
  15  0:40  SCV  
  15  0:41  Barracks  
  16  0:47  Refinery  
  16  0:52  SCV  
  17  1:04  SCV  
  18  1:16  SCV  
  19  1:31  Reaper  
  21  1:33  Orbital Command  
  20  1:47  Command Center  
  20  1:56  Supply Depot  
  19  2:04  SCV  
  20  2:16  SCV  
  21  2:28  SCV  
  21  2:29  Marine  
  23  2:44  Barracks  
  23  2:46  Factory  
  23  2:49  SCV, Barracks  
  23  2:50  Refinery  
  24  2:52  Barracks Reactor  
  23  3:01  SCV  
  24  3:13  SCV  
  25  3:20  Orbital Command  
  25  3:27  Bunker  
  25  3:29  SCV  
  26  3:36  Starport  
  26  3:41  SCV  
  27  3:43  Barracks Reactor, Barracks Tech Lab  
  27  3:45  Factory Tech Lab  
  27  3:47  Barracks  
  27  3:48  SCV  
  28  3:53  SCV  
  28  3:58  Supply Depot  
  28  4:00  SCV  
  28  4:02  Marine x2  
  28  4:05  SCV, Marauder  
  29  4:10  Siege Tank  
  27  4:35  SCV x2  
  27  4:43  Supply Depot  
  24  4:47  SCV x2  
  24  4:48  Marine x2  
  24  4:49  Marine x2  
  29  4:59  SCV  
  30  5:00  Marine  
  30  5:02  Barracks Reactor  
  30  5:05  Starport Reactor  
  30  5:06  Marine x2  
  33  5:12  SCV x2  
  35  5:28  Supply Depot  
  35  5:29  Marine x4  
  39  5:37  Engineering Bay  
  39  5:44  Medivac x2  
  39  5:46  Marine x3  
  39  5:49  Marine  
  47  5:51  Marine  
  48  5:59  Marine x2  
  48  6:04  Marine  
  47  6:12  Stimpack  
  41  6:41  Missile Turret  
  41  6:43  Missile Turret  
  41  6:50  Marine x3  
  41  6:51  Marine x4  
  48  7:08  Missile Turret  
  48  7:15  SCV x2  
  46  7:24  Marine x3  
  46  7:27  SCV x2  
  51  7:39  SCV  
  48  8:05  Marine x7  
  39  8:14  SCV x2  
  41  8:22  Marine  
  41  8:23  Marine x2  
  41  8:26  SCV x2, Marine  
  46  8:27  Marine x2  
  49  8:38  SCV x2  
  51  8:49  Marine x7  
  51  8:51  Medivac  
  51  8:55  SCV  
  61  8:56  SCV  
  62  9:06  Marine  
  63  9:12  SCV x2  
  65  9:21  Marine x3  
  65  9:22  Marine x2  
  70  9:33  Supply Depot  
  70  9:35  Supply Depot  
  70  9:47  Marine  
  70  9:48  Supply Depot  
  70  9:49  SCV  
  70  9:54  Medivac  
  70  9:55  SCV  
  73  10:01  SCV  
  73  10:04  Marine x5  
  80  10:07  SCV  
  80  10:09  Combat Shields  
  80  10:19  Medivac  
  82  10:21  Marine  
  82  10:23  Marine  
  82  10:24  Medivac  
  86  10:31  SCV x2  
  88  10:38  Marine x2  
  90  10:43  SCV x2  
  92  10:55  Command Center, SCV x2  
  94  11:21  Supply Depot  
  94  11:22  Supply Depot  
  94  11:26  Supply Depot  
  94  11:42  Medivac, Marine x6  
  94  11:44  Medivac, Marine  
  102  12:00  Marine x4  
  102  12:01  Marine  
Show
View Real Time Build Order
Export as new Build Order

Mutio Protoss - Winner!

Build Orders:  

Get SALT Encoding   

  12  0:01  Probe (Chrono Boost)  
  13  0:11  Probe (Chrono Boost)  
  14  0:17  Pylon  
  14  0:22  Probe (Chrono Boost)  
  15  0:35  Gateway  
  15  0:41  Assimilator  
  15  0:43  Probe (Chrono Boost)  
  16  0:53  Probe (Chrono Boost)  
  17  0:58  Assimilator  
  18  1:04  Probe (Chrono Boost)  
  18  1:15  Probe (Chrono Boost)  
  19  1:24  Cybernetics Core  
  20  1:25  Probe (Chrono Boost)  
  20  1:27  Pylon  
  20  1:36  Probe (Chrono Boost)  
  21  1:46  Probe (Chrono Boost)  
  22  1:57  Probe (Chrono Boost)  
  23  2:07  Probe (Chrono Boost)  
  23  2:12  Warp Gate  
  23  2:18  Mothership Core (Chrono Boost)  
  23  2:21  Adept (Chrono Boost)  
  27  2:29  Nexus  
  27  2:38  Probe  
  28  3:02  Probe  
  29  3:15  Probe  
  29  3:16  Gateway  
  29  3:18  Pylon  
  29  3:19  Pylon  
  31  3:27  Probe  
  31  3:30  Stargate  
  31  3:39  Probe  
  32  3:51  Probe  
  33  4:03  Probe  
  34  4:15  Probe  
  35  4:22  Zealot (Chrono Boost)  
  39  4:47  Zealot (Chrono Boost)  
  39  4:51  Probe  
  39  4:58  Oracle (Chrono Boost)  
  41  5:02  Probe  
  42  5:11  Pylon  
  42  5:12  Zealot  
  42  5:13  Probe  
  44  5:14  Pylon  
  45  5:21  Assimilator  
  45  5:23  Probe, Assimilator  
  45  5:26  Pylon  
  45  5:27  Pylon  
  46  5:30  Pylon  
  46  5:34  Probe, Pylon  
  47  5:40  Pylon  
  47  5:44  Probe  
  47  5:48  Oracle (Chrono Boost)  
  51  5:55  Probe  
  52  5:58  Gateway x2  
  52  5:59  Gateway  
  52  6:03  Gateway  
  52  6:14  Probe  
  52  6:15  Probe  
  54  6:24  Probe  
  54  6:27  Probe  
  56  6:51  Robotics Facility  
  56  6:56  Twilight Council  
  56  7:00  Pylon  
  57  7:23  Void Ray (Chrono Boost)  
  57  7:33  Forge x2  
  57  7:35  Stalker x5  
  57  7:36  Stalker  
  69  7:38  Pylon  
  69  7:42  Observer  
  64  8:00  Void Ray (Chrono Boost)  
  66  8:09  Stalker  
  66  8:10  Stalker x5  
  78  8:18  Warp Prism  
  72  9:00  Robotics Bay  
  72  9:05  Charge  
  72  9:07  Protoss Ground Weapons Level 1 (Chrono Boost)  
  72  9:08  Protoss Shields Level 1 (Chrono Boost)  
  72  9:09  Probe  
  73  9:21  Probe  
  73  9:23  Void Ray (Chrono Boost)  
  78  9:33  Probe  
  79  9:45  Probe  
  79  9:50  Nexus  
  79  9:51  Pylon x2  
  80  9:58  Stalker x2, Probe, Extended Thermal Lance (Chrono Boost)  
  80  9:59  Colossus (Chrono Boost)  
  91  10:02  Stalker  
  93  10:29  Pylon  
  93  10:30  Zealot x2  
  93  10:31  Zealot x3  
  103  10:52  Colossus (Chrono Boost)  
  109  11:23  Stalker x5  
  109  11:24  Stalker  
  102  12:13  Zealot x3  
  102  12:14  Zealot x3  
Tags
 
Composition
MMM Bio
League
Silver
Matchup
PvT
Add a new tag
Caveats
  • Supply blocks, unpowered buildings, or Contaminate may cause inaccurate times.
  • Supply counts are checked every 10 seconds.